 Dungeon Crawl Stone Soup version 0.29-a0-303-ge4682ce883 (webtiles) character file.

Game seed: 15415785593107638663

34 jmlagarto the Skirmisher (level 3, -12/33 HPs)
             Began as a Minotaur Abyssal Knight on Mar 25, 2022.
             Was a Believer of Lugonu.
             Mangled by an ogre
             ... wielding a +0 giant club
              (18 damage)
             ... on level 3 of the Dungeon.
             The game lasted 00:02:06 (2589 turns).

jmlagarto the Skirmisher (Minotaur Abyssal Knight)  Turns: 2589, Time: 00:02:07

Health: -12/33     AC: 10    Str: 19    XL:     3   Next: 14%
Magic:  3/3        EV:  7    Int:  7    God:    Lugonu [**....]
Gold:   129        SH:  0    Dex: 10    Spells: 2/2 levels left

rFire   . . .      SeeInvis +   a - +1 hand axe
rCold   . . .      Faith    .   (no shield)
rNeg    . . .      Spirit   .   s - +0 chain mail
rPois   .          Reflect  .   (helmet restricted)
rElec   .          Harm     .   c - +0 cloak
rCorr   .          Rampage  .   (no gloves)
Will    .....                   (no boots)
Stlth   ..........              (no amulet)
HPRegen 0.11/turn               h - ring of see invisible
MPRegen 0.08/turn               (no ring)

@: no status effects
A: horns 2, retaliatory headbutt
a: Renounce Religion, Depart the Abyss, Bend Space


You were on level 3 of the Dungeon.
You worshipped Lugonu.
Lugonu was pleased with you.
You visited 1 branch of the dungeon, and saw 3 of its levels.
You visited the Abyss 1 time.

You collected 129 gold pieces.

Inventory:

Hand Weapons
 a - a +1 hand axe (weapon)
Missiles
 r - 3 poisoned darts
Armour
 c - a +0 cloak (worn)
 s - a +0 chain mail (worn)
Jewellery
 h - a ring of see invisible (left hand)
Wands
 q - a wand of iceblast (9)
Scrolls
 b - a scroll of summoning {unknown}
 d - a scroll of immolation {unknown}
 e - a scroll of vulnerability {unknown}
 g - a scroll of amnesia {unknown}
 i - a scroll of blinking {unknown}
 j - 2 scrolls of identify {unknown}
 k - 2 scrolls of enchant armour {unknown}
 m - a scroll of enchant weapon {unknown}
Potions
 l - a potion of might {unknown}
 n - 2 potions of haste {unknown}
 o - a potion of mutation {unknown}
 p - a potion of lignification {unknown}


   Skills:
 + Level 4.0 Fighting
 + Level 2.9 Axes
 + Level 2.9 Armour
 + Level 1.8 Dodging
 + Level 2.2 Invocations


You had 2 spell levels left.
You didn't know any spells.
Your spell library was empty.

Dungeon Overview and Level Annotations

Branches:
Dungeon (3/15)

Altars:


Innate Abilities, Weirdness & Mutations

You have a pair of horns on your head.
You reflexively headbutt those who attack you in melee.


Message History

Where to? (Enter - D:2 @ (x,y), ? - help)
There is a stone staircase leading down here.
You climb downwards.
You hear the sound of rushing water.
There is an entrance to a sewer on this level.
Hurry and find it before the portal rusts away!
Found a scroll labelled XILIUKHEPPO.
There is a stone staircase leading up here.
A giant cockroach is nearby!
Found a scale mail and a sharpened copper wand.
Found a stone staircase leading down.
An ogre comes into view. It is wielding a +0 giant club.
Found a ring mail.
The ogre shouts!
You hit the giant cockroach. You headbutt the giant cockroach.
You kill the giant cockroach!
Lugonu accepts your kill.
Found an escape hatch in the ceiling.
The ogre hits you with a +0 giant club!
You aren't in the Abyss!
An ogre is nearby!
An ogre is nearby!
An ogre is nearby!
You barely miss the ogre. The ogre closely misses you. You furiously retaliate!
You headbutt the ogre! You barely miss the ogre. You headbutt the ogre!
The ogre is severely wounded.
The ogre hits you with a +0 giant club.
You barely miss the ogre. You punch the ogre.
The ogre is severely wounded.
The ogre hits you with a +0 giant club!
* * * LOW HITPOINT WARNING * * *
You barely miss the ogre.
The ogre is severely wounded.
You hit the ogre.
The ogre is almost dead.
The ogre barely misses you.
You hit the ogre but do no damage. Your headbutt misses the ogre.
The ogre is almost dead.
The ogre hits you with a +0 giant club!!
Ouch! That really hurt!
You die...

#. #....
#####.# ##...
..>... ...
##.#.####.# #
##......##<#.#
#............#
#.....†......#
#...........##
#...@.......#
#...O.......+
#.[.........#
#...........#
#......../..#
#..........[#
#...........#
#.<.........#


You could see an ogre.

Vanquished Creatures
  A dart slug (D:1)
  7 ball pythons
  An endoplasm (D:1)
  3 giant cockroaches
  4 hobgoblins
  4 bats
  2 frilled lizards
  2 goblins (D:1)
  3 kobolds (D:2)
  5 rats
32 creatures vanquished.

Vanquished Creatures (others)
  A plant (D:1)
1 creature vanquished.

Grand Total: 33 creatures vanquished

Notes
Turn   | Place    | Note
-------+----------+-------------------------------------------
     0 | Abyss:1  | jmlagarto the Minotaur Abyssal Knight began the quest for
                  | the Orb.
     0 | Abyss:1  | Reached XP level 1. HP: 19/19 MP: 1/1
    53 | Abyss:1  | Found a stormy altar of Qazlal.
    60 | Abyss:1  | Noticed a starcursed mass
    68 | Abyss:1  | Noticed a large abomination
    69 | D:1      | Escaped the Abyss
   364 | D:1      | Reached ** piety under Lugonu
   440 | D:1      | Reached XP level 2. HP: 18/27 MP: 2/2
   637 | D:1      | Found a faded altar of an unknown god.
  1677 | D:2      | Reached skill level 4 in Fighting
  1677 | D:2      | Reached XP level 3. HP: 33/33 MP: 3/3
  2578 | D:3      | Noticed an ogre
  2589 | D:3      | Mangled by an ogre

Illustrated notes

Levels and vault maps discovered:
D:1:      dpeg_arrival_renting, layout_loops_ring,
          ebering_ecumenical_altar_abandoned, serial_forest,
          infiniplex_forest_clump_double, infiniplex_forest_clump_cross,
          infiniplex_forest_clump_double, infiniplex_forest_lined_3,
          infiniplex_forest_clump_curved, infiniplex_forest_lined_1,
          infiniplex_forest_clump_C, infiniplex_forest_corner_2,
          infiniplex_forest_end_2
D:2:      kb_forest_paths, layout_basic, chequers_serial_rivers_small_b
D:3:      layout_basic, mainiacjoe_overflow_paths, portal_sewer_entry_f

Skill      XL: |  1  2 |
---------------+-------+-----
Invocations    | 2 |  2.2
Fighting       | 4 |  4.0
Axes           | |  2.9
Armour         | |  2.9
Dodging        | |  1.8

Action                   || total
-------------------------++-------
Melee: Hand axe          ||    72
       Headbutt          ||     6
       Punch             ||     1
Invok: Depart the Abyss  ||     1
Armor: Ring mail         ||    22
       Leather armour    ||     1
Dodge: Dodged            ||    34

Table legend: (Time is in decaauts)
 A = Elapsed time spent in this place.
 B = Non-inter-level travel time spent in this place.
 C = Inter-level travel time spent in this place.
 D = Time resting spent in this place.
 E = Time spent auto-exploring this place.
 F = Levels seen in this place.
 G = Mean time per level.
                   A        B        C        D        E       F      G
               +--------+--------+--------+--------+--------+-----+--------+
         Total |   2600 |   2474 |    126 |      0 |   2220 |   4 |  650.0 |
       Dungeon |   2531 |   2405 |    126 |      0 |   2155 |   3 |  843.7 |
         Abyss |     69 |     69 |      0 |      0 |     65 |   1 |   69.0 |
               +--------+--------+--------+--------+--------+-----+--------+

Top non-repeatable levels by time:
     D:1: 1312 daAuts
     D:2: 1205 daAuts
 Abyss:1: 69 daAuts
     D:3: 13 daAuts
